 Dungeon Crawl Stone Soup version 0.26-b1-57-gb162d0664a (webtiles) character file.

Game seed: 7041479375253651565

51 Gnirx the Skirmisher (level 3, -2/51 HPs)
             Began as a Minotaur Berserker on Jan 8, 2021.
             Was a Believer of Trog.
             Slain by a sky beast (6 damage)
             ... in the Ecumenical Temple.
             The game lasted 00:03:46 (1909 turns).

Gnirx the Skirmisher (Minotaur Berserker)           Turns: 1909, Time: 00:03:46

Health: -2/51      AC: 13    Str: 22    XL:     3   Next: 58%
Magic:  2/2        EV:  7    Int:  4    God:    Trog [**....]
Gold:   134        SH:  5    Dex:  9    Spells: 2/2 levels left

rFire    . . .     SeeInvis .   a - +1 mace
rCold    . . .     Faith    .   (no shield)
rNeg     . . .     Spirit   .   l - +0 plate armour
rPois    .         Reflect  +   (helmet restricted)
rElec    .         Harm     .   e - +1 cloak
rCorr    .         Rampage  .   (no gloves)
Will     .....                  (no boots)
Stlth    ..........             n - amulet of reflection
HPRegen  0.17/turn              (no ring)
MPRegen  0.08/turn              (no ring)

@: berserking, very quick
A: retaliatory headbutt, horns 2
a: Renounce Religion, Berserk, Trog's Hand


You were in the Ecumenical Temple.
You worshipped Trog.
Trog was pleased with you.
You visited 2 branches of the dungeon, and saw 5 of its levels.

You collected 134 gold pieces.

Inventory:

Hand Weapons
 a - a +1 mace (weapon)
Missiles
 h - 53 arrows
Armour
 b - a +0 animal skin
 e - a +1 cloak (worn)
 l - a +0 plate armour (worn)
Jewellery
 m - an uncursed ring of teleportation
 n - an amulet of reflection (around neck)
Scrolls
 k - 2 scrolls of immolation
Potions
 c - 3 potions of haste
 d - a potion of brilliance {unknown}
 g - a potion of attraction
 i - a potion of degeneration {unknown}


   Skills:
 + Level 4.7 Fighting
 + Level 4.2 Maces & Flails
 + Level 2.6 Armour
 + Level 2.7 Dodging


You had 2 spell levels left.
You didn't know any spells.
Your spell library was empty.

Dungeon Overview and Level Annotations

Branches:
Dungeon (4/15)             Temple (1/1) D:4

Altars:
Fedhas
Qazlal


Innate Abilities, Weirdness & Mutations

You reflexively headbutt those who attack you in melee.
You have a pair of horns on your head.


Message History

You closely miss the sky beast.
The sky beast is severely wounded.
The sky beast hits you but does no damage.
The sky beast flickers out of sight!
Deactivating autopickup; reactivate with Ctrl-A.
Something hits you but does no damage.
You miss something. Your headbutt misses something.
Something hits you but does no damage.
You miss something. Your headbutt misses something.
Something hits you but does no damage.
You closely miss something. Something hits you but does no damage.
You miss something. Something hits you.
* * * LOW HITPOINT WARNING * * *
Something shocks you.
* * * LOW HITPOINT WARNING * * *
A red film seems to cover your vision as you go berserk!
You feel yourself moving faster!
You feel mighty! Something hits you.
* * * LOW HITPOINT WARNING * * *
Something shocks you.
You die...

..# #..
.. ..
.. ..
.#. ...
##.##
##...##
#..@..#
##{..##
##.##
... .#.
.. ..
.. ..
..# #..


There were no monsters in sight!

Vanquished Creatures
  An adder (D:3)
  2 dart slugs (D:1)
  An orc (D:4)
  A ball python (D:1)
  2 giant cockroaches (D:1)
  5 hobgoblins
  5 jackals
  4 bats
  5 goblins
  5 kobolds
  4 rats
35 creatures vanquished.

Notes
Turn   | Place    | Note
-------+----------+-------------------------------------------
     0 | D:1      | Gnirx the Minotaur Berserker began the quest for the Orb.
     0 | D:1      | Reached XP level 1. HP: 19/19 MP: 0/0
   659 | D:1      | Reached XP level 2. HP: 24/27 MP: 1/1
   994 | D:1      | Reached XP level 3. HP: 21/34 MP: 2/2
  1162 | D:2      | You fall into a shaft and drop 1 floor!
  1278 | D:3      | Reached ** piety under Trog
  1626 | D:3      | Found a blossoming altar of Fedhas.
  1628 | D:3      | Found a stormy altar of Qazlal.
  1871 | D:4      | Found a staircase to the Ecumenical Temple.
  1884 | D:4      | Noticed a sky beast
  1900 | Temple   | Entered the Ecumenical Temple
  1909 | Temple   | Slain by a sky beast

Illustrated notes

Levels and vault maps discovered:
D:1:      arrival_zaba_pyramid, layout_basic, minmay_misc_feat_four_crosses,
          minmay_indecisive_spiral
D:2:      layout_basic, old_standard_altar, zin_purify, tgw_xom
D:3:      layout_basic, grunt_temple_overflow_forces_of_nature,
          serial_corexii_hall, chequers_hall_statues_wall_a,
          corexii_hall_statues_s, minmay_ruptured
D:4:      layout_basic, minmay_temple_entry_sparse_star, uniq_blork_the_orc
Temple:   eino_temple_scatter_basement

Skill      XL: |  1  2 |
---------------+-------+-----
Fighting       | 4 |  4.7
Maces & Flails | 4 |  4.2
Armour         | |  2.6
Dodging        | |  2.7

Action                   || total
-------------------------++-------
Melee: Mace              ||    76
       Headbutt          ||    16
Invok: Berserk           ||     1
  Use: Scroll            ||    12
Armor: Animal skin       ||    13
       Plate armour      ||    15
Dodge: Dodged            ||    39
Block: Other             ||     2
